AoeStats
← de one who is win this play

Arena

506435488Analyzed
4v4 RM · 20d ago on Sep 13, 2026· 27m 22s· 8 players
Game mode
Random Map
Map size
Large (8 player)
Population
200
Speed
Normal
Resources
Standard
Victory
Conquest
Starting age
Dark Age
Ending age
Imperial Age
RankedLock teamsTeams togetherTeam positionsShared explorationLock speedFull tech treeHidden civsTurbo modeCheats
Victory
Defeat
🇹🇼 Mongols · Taiwan
1202
+14
🇮🇳 Jurchens · India
1166
+16
🇨🇱 Portuguese · Chile
1160
+16
🇮🇳 Malians · India
1112
+18
🇬🇧 Burgundians · United Kingdom
1193
-17
🇷🇴 Spanish · Romania
1159
-16
🇩🇪 Turks · Germany
1152
-16
🇨🇴 Celts · Colombia
1131
-15
Sageata
10:47 Feudal Age
15:18 Castle Age
13:33 Double-Bit Axe
13:31 Horse Collar
16:30 Bow Saw
16:23 Heavy Plow
21:12 Loom
21:35 Gold Mining
23:55 Wheelbarrow
23:41 Stone Mining
28:54 Imperial Age
27:51 Hand Cart
bendellar
5:18 Loom
10:57 Feudal Age
9:49 Double-Bit Axe
9:54 Horse Collar
16:46 Castle Age
15:33 Bow Saw
15:35 Gold Mining
16:11 Heavy Plow
17:44 Wheelbarrow
20:34 Stone Mining
23:33 Two-Man Saw
24:15 Forging
24:11 Scale Barding Armor
24:59 Gold Shaft Mining
24:33 Husbandry
25:34 Stone Shaft Mining
25:59 Iron Casting
25:56 Cavalier
Valfar
10:59 Feudal Age
16:03 Castle Age
14:10 Double-Bit Axe
14:19 Horse Collar
14:59 Double-Bit Axe
20:59 Loom
de one who is win this play
11:30 Feudal Age
13:08 Double-Bit Axe
15:40 Castle Age
14:11 Horse Collar
15:03 Scale Mail Armor
15:15 Forging
17:17 Wheelbarrow
17:28 Loom
20:04 Hand Cart
20:48 Bow Saw
21:29 Man-at-Arms
ANGELSK3956
10:24 Feudal Age
8:45 Loom
10:32 Feudal Age
14:25 Castle Age
16:35 Scale Mail Armor
24:54 Double-Bit Axe
26:05 Town Watch
Eskarlata
10:40 Feudal Age
15:13 Castle Age
13:41 Double-Bit Axe
14:04 Horse Collar
15:36 Loom
18:36 Town Watch
19:14 Fletching
24:22 Wheelbarrow
26:12 Bow Saw
27:14 Scale Barding Armor
27:35 Forging
Sythe
11:26 Feudal Age
15:37 Castle Age
14:18 Double-Bit Axe
14:16 Horse Collar
16:02 Wheelbarrow
17:05 Bow Saw
17:08 Heavy Plow
26:30 Loom
29:31 Imperial Age
27:15 Forging
27:11 Scale Barding Armor
27:29 Gold Mining
poppypon
11:00 Feudal Age
15:38 Castle Age
13:40 Double-Bit Axe
14:47 Horse Collar
16:41 Bow Saw
21:48 Stone Mining
23:38 Gold Mining
25:26 Wheelbarrow
28:19 Stone Shaft Mining
Connection lost

Rejoining the realm…

Still unreachable

The connection could not be restored.

Session expired

The server has moved on; the page needs a fresh start.